 Dungeon Crawl Stone Soup version 0.22-b1-59-g0aedee7 (webtiles) character file.

1726 MTVSty1e the Cleaver (level 8, -10/72 HPs)
             Began as a Minotaur Monk on Aug 9, 2018.
             Was a Priest of Okawaru.
             Mangled by an orc warrior
             ... wielding the +5 whip of Pownakal {slash, rF- Str+8}
              (12 damage)
             ... on level 5 of the Dungeon.
             The game lasted 00:06:39 (5771 turns).

MTVSty1e the Cleaver (Minotaur Monk)                Turns: 5771, Time: 00:06:40

Health: -10/72     AC: 12    Str: 16      XL:     8   Next: 75%
Magic:  5/7        EV:  8    Int:  6 (7)  God:    Okawaru [***...]
Gold:   340        SH: 10    Dex: 13      Spells: 7/7 levels left

rFire    . . .     SeeInvis .   a - +0 hand axe
rCold    . . .     Gourm    .   v - +0 shield (curse)
rNeg     . . .     Faith    .   m - +0 chain mail
rPois    .         Spirit   .   (helmet restricted)
rElec    .         Reflect  .   (no cloak)
rCorr    .         Harm     .   b - +0 pair of gloves
MR       .....     Clarity  +   l - +0 pair of boots
Stlth    ..........             (no amulet)
HPRegen  0.22/turn              (no ring)
MPRegen  0.10/turn              (no ring)

@: lethally poisoned (-10 -> -11), heroism
A: retaliatory headbutt, horns 2, blurry vision 1, clarity, robust 1, weak 1
a: Heroism, Renounce Religion


You were on level 5 of the Dungeon.
You worshipped Okawaru.
Okawaru was most pleased with you.
You were not hungry.

You visited 1 branch of the dungeon, and saw 6 of its levels.

You collected 340 gold pieces.

Inventory:

Hand Weapons
 a - a +0 hand axe (weapon)
 o - a +3 flail of protection
Armour
 b - a +0 pair of gloves (worn)
 l - a +0 pair of boots (worn)
 m - a +0 chain mail (worn)
 s - a +0 buckler
 v - a cursed +0 shield (worn)
Jewellery
 q - an uncursed ring of stealth {unknown}
Wands
 r - a wand of digging (11)
Scrolls
 d - 5 scrolls of identify {unknown}
 e - 2 scrolls of remove curse {unknown}
 f - a scroll of enchant armour {unknown}
 g - 2 scrolls of immolation {unknown}
 h - a scroll of amnesia {unknown}
 i - a scroll of enchant weapon {unknown}
 j - a scroll of teleportation {unknown}
 k - a scroll of random uselessness {unknown}
 p - 3 scrolls of fog {unknown}
 w - a scroll of noise {unknown}
Potions
 n - a potion of lignification {unknown}
Comestibles
 c - 5 rations


   Skills:
 + Level 3.7(8.7) Fighting
 * Level 13.2(18.2) Axes
 + Level 0.4(5.4) Throwing
 - Level 3.2(8.2) Dodging
 - Level 1.5(6.5) Stealth
 + Level 0.5(5.5) Shields
 * Level 0.8 Invocations


You had 7 spell levels left.
You didn't know any spells.
Your spell library was empty.

Dungeon Overview and Level Annotations

Branches:
Dungeon (6/15)
 Temple: D:4-7

Altars:
Elyvilon
Kikubaaqudgha
Okawaru
Xom
The Shining One

Shops:
D:4 }


Innate Abilities, Weirdness & Mutations

You reflexively headbutt those who attack you in melee.
You have a pair of horns on your head.
Scrolls take you a little longer to read.
You possess an exceptional clarity of mind.
You are robust. (+10% HP)
You are weak. (Str -2)


Message History

The orc warrior completely misses you.
You hit the orc warrior. You headbutt the orc warrior!
The orc warrior is almost dead.
You feel sick. You block the orc warrior's attack.
Your shield and chain mail prevent you from hitting the orc warrior.
The orc warrior is almost dead.
You hit the orc warrior but do no damage.
You headbutt the orc warrior, but do no damage.
The orc warrior is almost dead.
The orc warrior hits you with an encrusted whip {slash}.
* * * LOW HITPOINT WARNING * * *
x2 You hit the orc warrior but do no damage.
You headbutt the orc warrior, but do no damage.
The orc warrior is almost dead.
You closely miss the orc warrior.
The orc warrior is almost dead.
* * * LOW HITPOINT WARNING * * *
You feel sick.
The orc warrior hits you with an encrusted whip {slash}!
You die...

#......#...#####.....###....#
##....#.....##..'......##....#
#.....#........##......##....#
#.....#............###.##....#
#.....#.#............#.##....#
#.....#.#....#########.......#
#.....#)#..........# ###.....#
#.....'.....o.[.##)# #.....'
#.....#.#....@####.###########
#.....#.....######....# #
####'####.)........##.#######
#.#.....#.####.#.........#
#.#..)..#.## #.#.#.#####.#
#..........# #.#.#.#####.#
###.#..#...# #.#.#.......#
###.(....#.# #.#.#..#######
#.....##.#.###.#.#..#..#...


You could see an orc warrior.

Vanquished Creatures
  Edmund (D:5)
  Duvessa (D:5)
  An ice beast (D:5)
  A phantom (D:4)
  A black bear (D:6)
  An ogre (D:4)
  A centaur (D:5)
  2 big kobolds (D:5)
  A bullfrog (D:6)
  Dowan (D:5)
  A scorpion (D:5)
  A howler monkey (D:6)
  A crimson imp (D:5)
  A centaur zombie (D:6)
  A bullfrog zombie (D:6)
  4 hounds
  2 orc priests (D:5)
  A centaur skeleton (D:4)
  3 iguanas (D:4)
  4 orc wizards
  3 worker ants
  A hound skeleton (D:4)
  8 adders
  A howler monkey skeleton (D:4)
  A shadow imp (D:5)
  2 oozes
  A worm (D:2)
  4 leopard geckos
  6 orcs
  3 bats
  5 giant cockroaches
  2 goblins
  6 hobgoblins
  A quokka (D:5)
  3 frilled lizards
  15 kobolds
  A quokka skeleton (D:4)
  5 rats
98 creatures vanquished.

Vanquished Creatures (others)
  A human (D:4)
1 creature vanquished.

Grand Total: 99 creatures vanquished

Notes
Turn   | Place    | Note
-------+----------+-------------------------------------------
     0 | D:1      | MTVSty1e the Minotaur Monk began the quest for the Orb.
     0 | D:1      | Reached XP level 1. HP: 19/19 MP: 0/0
   143 | D:1      | Reached skill level 4 in Axes
   182 | D:1      | Reached XP level 2. HP: 24/26 MP: 1/1
   744 | D:2      | Reached skill level 5 in Axes
   744 | D:2      | Reached XP level 3. HP: 30/31 MP: 2/2
  1870 | D:4      | Reached skill level 6 in Axes
  1870 | D:4      | Reached XP level 4. HP: 39/39 MP: 3/3
  1879 | D:4      | Noticed a phantom
  1930 | D:4      | Killed a phantom
  1930 | D:4      | Reached skill level 7 in Axes
  1930 | D:4      | Reached XP level 5. HP: 39/45 MP: 4/4
  1989 | D:4      | Found Ziolaogo's Gadget Shop.
  2035 | D:4      | Reached skill level 8 in Axes
  2379 | D:4      | Reached XP level 6. HP: 48/51 MP: 5/5
  2668 | D:4      | Reached skill level 9 in Axes
  3101 | D:4      | Found an ancient bone altar of Kikubaaqudgha.
  3102 | D:4      | Noticed a human
  3106 | D:4      | Killed a human
  3283 | D:4      | Found an iron altar of Okawaru.
  3283 | D:4      | Found a white marble altar of Elyvilon.
  3284 | D:4      | Found a glowing golden altar of the Shining One.
  3288 | D:4      | Became a worshipper of Warmaster Okawaru
  3288 | D:4      | Reached * piety under Okawaru
  3288 | D:4      | Reached ** piety under Okawaru
  3299 | D:4      | Found a shimmering altar of Xom.
  3385 | D:5      | Entered Level 5 of the Dungeon
  3428 | D:5      | Reached XP level 7. HP: 55/57 MP: 6/6
  3508 | D:5      | Reached skill level 10 in Axes
  3786 | D:5      | Noticed Duvessa
  3827 | D:5      | Killed Duvessa
  3827 | D:5      | Reached skill level 11 in Axes
  3837 | D:5      | Noticed Dowan
  3860 | D:5      | Gained mutation: You are robust. (+10% HP) [potion of mutation]
  3860 | D:5      | Gained mutation: You are weak. (Str -2) [potion of mutation]
  3860 | D:5      | Gained mutation: Scrolls take you a little longer to read. [potion of mutation]
  3860 | D:5      | Gained mutation: You possess an exceptional clarity of mind. [potion of mutation]
  3862 | D:5      | HP: 3/62 [Dowan/dagger of speed (2)]
  3875 | D:5      | HP: 3/62 [Dowan/dagger of speed (2)]
  3881 | D:5      | Killed Dowan
  3883 | D:5      | HP: 1/62 [crimson imp (3)]
  3899 | D:5      | Reached XP level 8. HP: 10/70 MP: 7/7
  4260 | D:5      | Reached *** piety under Okawaru
  4608 | D:5      | Reached skill level 12 in Axes
  4747 | D:5      | Noticed Edmund
  4793 | D:5      | Killed Edmund
  5721 | D:6      | Reached skill level 13 in Axes
  5769 | D:5      | HP: 3/72 [orc warrior/encrusted whip {slash} (1)]
  5771 | D:5      | Identified the +5 whip of Pownakal {slash, rF- Str+8}
  5771 | D:5      | Mangled by an orc warrior

Skill      XL: |  1  2  3  4  5  6  7  8 |
---------------+-------------------------+-----
Axes           | 4 5 6 7 8 9 11 13 | 13.2
Fighting       | |  3.7
Throwing       | |  0.4
Dodging        | |  3.2
Stealth        | |  1.5
Shields        | |  0.5
Invocations    | |  0.8

Action                   |  1- 3 |  4- 6 |  7- 9 || total
-------------------------+-------+-------+-------++-------
Melee: Hand axe          |    69 |   122 |   306 ||   497
       Headbutt          |    16 |    26 |    43 ||    85
Invok: Heroism           |       |       |     1 ||     1
  Use: Potion            |       |       |     9 ||     9
 Stab: Sleeping          |     2 |       |       ||     2
  Eat: Ration            |     1 |       |     2 ||     3
       Chunk             |       |     4 |     2 ||     6
Armor: Robe              |     3 |       |       ||     3
       Ring mail         |    14 |       |       ||    14
       Chain mail        |     2 |    62 |   115 ||   179
Dodge: Dodged            |    51 |    29 |    25 ||   105
Block: Shield            |       |     4 |    70 ||    74
